 Dungeon Crawl Stone Soup version 0.22-a0-299-g43f9854 (webtiles) character file.

230 sankara the Slasher (level 6, -7/47 HPs)
             Began as a Barachi Fighter on Mar 25, 2018.
             Killed from afar by an orc wizard (11 damage)
             ... with a puff of frost
             ... on level 3 of the Dungeon.
             The game lasted 00:07:27 (2571 turns).

sankara the Slasher (Barachi Fighter)               Turns: 2571, Time: 00:07:28

Health: -7/47      AC: 10    Str: 18    XL:     6   Next: 3%
Magic:  14/14      EV:  4    Int: 10    God:
Gold:   227        SH:  9    Dex: 11    Spells: 2/5 levels left

rFire    . . .     SeeInvis .   b - +5 dagger (venom)
rCold    . . .     Gourm    .   c - +0 shield
rNeg     . . .     Faith    .   r - +0 chain mail
rPois    .         Spirit   .   (helmet restricted)
rElec    .         Reflect  .   j - +0 cloak
rCorr    .         Harm     .   (no gloves)
MR       .....     Clarity  +   (no boots)
Stlth    ..........             (no amulet)
HPRegen  0.15/turn              t - ring of magical power {MP+9}
MPRegen  0.14/turn              (no ring)

@: lethally poisoned (-7 -> -21), slow
A: +LOS, swims, horns 1, blurry vision 1, clarity, low mp 1, slowness 1, strong
legs 1
a: Hop


You were on level 3 of the Dungeon.
You were not hungry.

You visited 1 branch of the dungeon, and saw 4 of its levels.

You collected 227 gold pieces.

Inventory:

Hand Weapons
 a - a +0 long sword
 b - a +5 dagger of venom (weapon)
   (You took it off Jessica on level 2 of the Dungeon)
Missiles
 g - 57 stones
 s - 2 javelins (quivered)
Armour
 c - a +0 shield (worn)
 j - a +0 cloak (worn)
   (You found it on level 1 of the Dungeon)
 r - a +0 chain mail (worn)
   (You found it on level 2 of the Dungeon)
Jewellery
 t - a ring of magical power (left hand) {MP+9}
   (You found it on level 3 of the Dungeon)
Scrolls
 e - a scroll of enchant armour {unknown}
 h - 3 scrolls of teleportation {unknown}
 l - 6 scrolls of remove curse {unknown}
 m - 2 scrolls of enchant weapon {unknown}
 n - 3 scrolls of amnesia {unknown}
 o - a scroll of magic mapping {unknown}
 p - a scroll of blinking {unknown}
 u - a scroll of identify {unknown}
 v - a scroll of noise {unknown}
Potions
 d - a potion of might
 i - a potion of invisibility {unknown}
 k - a potion of curing {unknown}
Comestibles
 f - 4 rations


   Skills:
 - Level 3.6 Fighting
 + Level 6.3 Long Blades
 - Level 3.6 Armour
 - Level 3.2 Shields
 + Level 2.0 Charms
 + Level 1.6 Necromancy


You had 2 spell levels left.
You knew the following spells:

 Your Spells              Type           Power        Failure   Level  Hunger
a - Regeneration          Chrm/Necr      #.........   100%        3    ####...


Dungeon Overview and Level Annotations

Branches:
Dungeon (4/15)
 Temple: D:4-7

Altars:
Nemelex Xobeh
Ru


Innate Abilities, Weirdness & Mutations

Shadows flee at your approach. (+LOS)
You can swim through water.
You cover ground slowly.
You can hop short distances.
You have a pair of small horns on your head.
Scrolls take you a little longer to read.
You possess an exceptional clarity of mind.
Your magical capacity is low. (-10% MP)


Message History

The quokka bites you but does no damage.
You block the adder's attack.
You closely miss the adder.
The adder is moderately wounded.
The quokka bites you but does no damage.
The adder bites you but does no damage.
You miss the adder.
The adder is severely wounded.
You block the quokka's attack. You block the adder's attack.
The quokka bites you but does no damage.
The adder barely misses you.
Your chain mail prevents you from hitting the adder.
The adder is severely wounded.
You block the adder's attack. The quokka bites you.
A giant cockroach and an orc wizard come into view.
The orc wizard is wielding a dagger of venom.
Your shield and chain mail prevent you from hitting the adder.
The adder is almost dead.
The orc wizard shouts!
You kill the adder!
The quokka barely misses you.
The orc wizard casts a spell.
The orc wizard seems to speed up.
You closely miss the scorpion. You block the scorpion's attack.
The orc wizard mumbles some strange words.
The orc wizard flickers and vanishes!
Deactivating autopickup; reactivate with Ctrl-A.
The quokka bites you but does no damage.
The giant cockroach bites you but does no damage.
You hit the scorpion.
The scorpion is poisoned.
The scorpion is lightly wounded.
The quokka bites you but does no damage.
You block the scorpion's attack.
The giant cockroach bites you but does no damage.
An orc priest comes into view. It is wielding a dagger.
You closely miss the scorpion.
The scorpion is moderately wounded.
The quokka bites you but does no damage.
The scorpion stings you but does no damage.
The orc priest calls down the wrath of Beogh upon you.
Beogh smites you! The giant cockroach barely misses you.
You are too injured to fight recklessly!
You are too injured to fight recklessly!
You are too injured to fight recklessly!
You hit the scorpion.
The scorpion looks as sick as possible!
The scorpion is severely wounded.
You kill the scorpion!
Your Charms skill increases to level 2!
You have reached level 6!
Your experience leads to an increase in your attributes!
Increase (S)trength, (I)ntelligence, or (D)exterity?
You feel clever.
The quokka bites you but does no damage.
The giant cockroach bites you but does no damage.
You hit the giant cockroach.
You kill the giant cockroach!
The quokka bites you but does no damage.
You block the quokka's attack.
The quokka bites you but does no damage.
You closely miss the quokka.
The quokka bites you but does no damage.
You hit the quokka.
The quokka is poisoned.
The quokka is heavily wounded.
The quokka barely misses you. Something hits you but does no damage.
You are poisoned.
The orc priest invokes the aid of Beogh against you.
You closely miss the quokka.
The quokka is heavily wounded.
You feel sick. Something hits you but does no damage.
You are more poisoned.
The quokka barely misses you.
The orc priest casts a cantrip, but nothing happens.
Something hits you.
You puncture the quokka!
You kill the quokka!
You feel sick. Something hits you.
You are lethally poisoned!
The orc priest looks encouraged for a moment.
You feel very sick.
Something hits you but does no damage. x2
There is a stone staircase leading up here.
You see here a quokka corpse.
You feel sick. Something completely misses you.
You climb upwards.
You feel sick.
There is a stone staircase leading down here.
You hit something.
You feel sick. Something hits you.
* * * LOW HITPOINT WARNING * * *
You hear some strange, mumbled words.
A puff of flame appears from out of thin air!
The puff of flame hits you!
* * * LOW HITPOINT WARNING * * *
It was a potion of mutation.
You feel extremely strange.
Your vision blurs.
Your thoughts seem clearer.
You feel less energetic. A pair of horns grows on your head!
* * * LOW HITPOINT WARNING * * *
You feel sick.
You hear some strange, mumbled words.
A puff of frost appears from out of thin air!
The puff of frost hits you!
You die...

#........#.### #.#.............
#####.#.#....# #.#.............
#####.#.#..#.###.#.............
#.......####.....#.............
#.#............................
#.#.#...####...................
#.#...............#............
#.#..#..####.#{..##............
###.#...........@...........<....
....##.#...........#.............
######.#....######.#.............
# #..[#....................... #
#.............#.#'#......... #
####......#.###.#.#.######.###
####.........#.#...#.#.#### #.# #
.............#.#.###.#....# #.# #
#######...#.##.......####.###.# #


There were no monsters in sight!

Vanquished Creatures
  A scorpion (D:4)
  The ghost of Anon1729 the Firebug, a weakling DsFE (D:3)
  An iguana (D:4)
  Jessica (D:2)
  4 adders
  An ooze (D:1)
  A leopard gecko (D:3)
  An orc (D:3)
  5 bats
  5 giant cockroaches
  5 goblins
  6 hobgoblins
  2 jackals (D:3)
  7 kobolds
  4 quokkas
  A frilled lizard (D:1)
  4 rats
50 creatures vanquished.

Notes
Turn   | Place    | Note
-------+----------+-------------------------------------------
     0 | D:1      | sankara the Barachi Fighter began the quest for the Orb.
     0 | D:1      | Reached XP level 1. HP: 18/18 MP: 1/1
   150 | D:1      | Reached skill level 3 in Long Blades
   209 | D:1      | Reached XP level 2. HP: 20/24 MP: 2/2
   556 | D:1      | Reached skill level 4 in Long Blades
   926 | D:2      | Noticed Jessica
   931 | D:2      | Killed Jessica
   931 | D:2      | Reached XP level 3. HP: 27/29 MP: 3/3
   984 | D:2      | Reached skill level 5 in Long Blades
   984 | D:2      | Reached XP level 4. HP: 32/36 MP: 4/4
  1900 | D:3      | Found a sparkling altar of Nemelex Xobeh.
  2135 | D:3      | Learned a level 3 spell: Regeneration
  2229 | D:3      | Noticed Anon1729's ghost (weakling DsFE)
  2242 | D:3      | Killed Anon1729's ghost
  2242 | D:3      | Reached skill level 6 in Long Blades
  2242 | D:3      | Reached skill level 1 in Charms
  2242 | D:3      | Reached XP level 5. HP: 30/41 MP: 5/5
  2357 | D:3      | Found a sacrificial altar of Ru.
  2550 | D:4      | Reached skill level 1 in Necromancy
  2560 | D:4      | Reached skill level 2 in Charms
  2560 | D:4      | Reached XP level 6. HP: 26/47 MP: 6/6
  2570 | D:3      | HP: 5/47 [something/puff of flame (8)]
  2571 | D:3      | Gained mutation: Scrolls take you a little longer to read. [potion of mutation]
  2571 | D:3      | Gained mutation: You possess an exceptional clarity of mind. [potion of mutation]
  2571 | D:3      | Gained mutation: Your magical capacity is low. (-10% MP) [potion of mutation]
  2571 | D:3      | Gained mutation: You have a pair of small horns on your head. [potion of mutation]
  2571 | D:3      | Killed from afar by an orc wizard

Vault maps used:
D:1:      kilobyte_arrival_exit_the_forest, due_unseen_surprise
D:2:      kennysheep_generic_room_6, uniq_jessica
D:3:      nicolae_ru_the_path_less_chosen, lemuel_crystal_altar
D:4:      kennysheep_slug_shrine, bloody_trog, lemuel_round_altar,
          temple_pool_b, serial_shops, nicolae_shop_overgrown_old_shop,
          minmay_rat_hole

Skill      XL: |  1  2  3  4  5 |
---------------+----------------+-----
Long Blades    | 3 4 5 6 |  6.3
Charms         | 1 2 |  2.0
Necromancy     | 1 |  1.6
Fighting       | |  3.6
Armour         | |  3.6
Shields        | |  3.2

Action                   |  1- 3 |  4- 6 || total
-------------------------+-------+-------++-------
Melee: Long sword        |    81 |    11 ||    92
       Dagger            |     6 |    71 ||    77
 Abil: Hop               |       |     1 ||     1
  Use: Potion            |       |     1 ||     1
  Eat: Chunk             |     1 |     2 ||     3
       Ration            |       |     1 ||     1
Armor: Scale mail        |    41 |    12 ||    53
       Chain mail        |       |    28 ||    28
Dodge: Dodged            |    31 |    16 ||    47
Block: Shield            |    48 |    40 ||    88
       Rpst.: Long sword |     9 |       ||     9

Table legend:
 A = Spawn XP
 B = Non-spawn XP
 C = Spawn XP percentage of total XP
 D = Spawn monster count
 E = Non-spawn monster count
 F = Spawn count percentage of total count
 G = Total turns spent on level
                    A         B        C        D         E        F      G
               +---------+---------+-------+---------+---------+-------+---------
         Total |       0 |     329 |   0.0 |       0 |      50 |   0.0 |  2571
               +---------+---------+-------+---------+---------+-------+---------
           D:1 |       0 |      33 |   0.0 |       0 |      18 |   0.0 |   922
           D:2 |       0 |      99 |   0.0 |       0 |      16 |   0.0 |   977
           D:3 |       0 |      74 |   0.0 |       0 |      11 |   0.0 |   647
           D:4 |       0 |     123 |   0.0 |       0 |       5 |   0.0 |    25
               +---------+---------+-------+---------+---------+-------+---------

Vault maps used:
D:1:      kilobyte_arrival_exit_the_forest, due_unseen_surprise
D:2:      kennysheep_generic_room_6, uniq_jessica
D:3:      nicolae_ru_the_path_less_chosen, lemuel_crystal_altar
D:4:      kennysheep_slug_shrine, bloody_trog, lemuel_round_altar,
          temple_pool_b, serial_shops, nicolae_shop_overgrown_old_shop,
          minmay_rat_hole

Table legend:
 A = Turns spent in this place as a percentage of turns spent in the entire game.
 B = Non-inter-level travel turns spent in this place as a percentage of non-inter-level travel turns spent in the entire game.
 C = Inter-level travel turns spent in this place as a percentage of turns spent in this place.
 D = Turns resting spent in this place as a percentage of non-inter-level travel turns spent in this place.
 E = Turns spent auto-exploring this place as a percentage of non-inter-level travel turns spent in this place.
 F = Non-inter-level travel turns spent in this place divided by the number of levels of this place that you've seen.
                   A       B       C       D       E      F
               +-------+-------+-------+-------+-------+----------------------
         Total | 100.0 | 100.0 |   6.8 |   0.0 |  78.9 | 598.8
       Dungeon | 100.0 | 100.0 |   6.8 |   0.0 |  78.9 | 598.8
               +-------+-------+-------+-------+-------+----------------------

Table legend:
 A = Kills in this place as a percentage of kills in entire the game.
 B = Kills by you in this place as a percentage of kills by you in the entire game.
 C = Kills by friends in this place as a percentage of kills by friends in the entire game.
 D = Other kills in this place as a percentage of other kills in the entire game.
 E = Experience gained in this place as a percentage of experience gained in the entire game.
 F = Experience gained in this place divided by the number of levels of this place that you have seen.
                   A       B       C       D       E      F
               +-------+-------+-------+-------+-------+----------------------
         Total | 100.0 | 100.0 |   N/A |   N/A | 100.0 |  82.2
       Dungeon | 100.0 | 100.0 |   N/A |   N/A | 100.0 |  82.2
               +-------+-------+-------+-------+-------+----------------------
